 Dungeon Crawl Stone Soup version 0.23.0-3-gf3c87f2 (webtiles) character file.

Game seed: 1307311322736093656

6160 Inarius the Cruncher (level 10, -3/76 HPs)
             Began as a Mummy Wanderer on Feb 21, 2019.
             Was an Initiate of Gozag.
             Slain by a cyclops (16 damage)
             ... on level 11 of the Dungeon.
             The game lasted 00:18:04 (10003 turns).

Inarius the Cruncher (Mummy Wanderer)              Turns: 10003, Time: 00:18:05

Health: -3/76      AC: 20    Str: 18    XL:     10   Next: 60%
Magic:  0/20       EV:  9    Int: 12    God:    Gozag
Gold:   750        SH:  0    Dex: 24    Spells: 9/9 levels left

rFire    x . .     SeeInvis +   b - +12 quarterstaff of Hausu {venom, *Rage Dex+6 SInv}
rCold    + . .     Gourm    .   (shield currently unavailable)
rNeg     + + +     Faith    .   r - +6 chain mail "Umamuu" {Str+2 Dex+4}
rPois    ∞         Spirit   +   i - +2 helmet
rElec    .         Reflect  .   q - +0 cloak
rCorr    .         Harm     .   (no gloves)
MR       +....                  (no boots)
Stlth    ..........             f - amulet of guardian spirit
HPRegen  0.22/turn              a - ring of magical power
MPRegen  0.17/turn              k - ring of see invisible

@: very slightly contaminated, studying Dodging
A: no food or potions, fire vulnerability, cold resistance 1, negative energy
resistance 3, torment resistance, unbreathing
a: Potion Petition, Call Merchant, Bribe Branch, Renounce Religion


You were on level 11 of the Dungeon.
You worshipped Gozag.
Gozag was pleased with you.
You were not hungry.

You visited 2 branches of the dungeon, and saw 13 of its levels.

You collected 1404 gold pieces.
You spent 592 gold pieces at shops.
You paid 62 gold pieces to Gozag.

Inventory:

Hand Weapons
 b - the +12 quarterstaff of Hausu (weapon) {venom, *Rage Dex+6 SInv}
   (You bought it in a shop on level 7 of the Dungeon)

   It poisons the flesh of those it strikes.
   It affects your dexterity (+6).
   It lets you see invisible.
   It may make you go berserk in combat.
 j - a +1 mace of protection
 p - a +5 quarterstaff of chaos
Missiles
 t - 6 javelins of returning (quivered)
Armour
 i - a +2 helmet (worn)
 q - a +0 cloak (worn)
 r - the +6 chain mail "Umamuu" (worn) {Str+2 Dex+4}
   (You bought it in a shop on level 8 of the Dungeon)

   It affects your strength (+2).
   It affects your dexterity (+4).
Jewellery
 a - a ring of magical power (left hand)
 f - an amulet of guardian spirit (around neck)
 k - a ring of see invisible (right hand)
 o - an uncursed ring of wizardry
Wands
 e - a wand of iceblast (21)
 v - a wand of flame (5)
Scrolls
 c - a scroll of magic mapping
 h - 3 scrolls of fog
 n - a scroll of fear
 s - 4 scrolls of remove curse
 u - a scroll of vulnerability
Books
 g - a manual of Dodging


   Skills:
 + Level 6.1 Fighting
 - Level 1.1(6.7) Maces & Flails
 * Level 10.5 Staves
 + Level 5.6 Armour
 + Level 2.3 Dodging
 - Level 1.0 Stealth
 - Level 2.1 Unarmed Combat
   Level 2.4 Summonings
 + Level 2.0 Evocations


You had 9 spell levels left.
You didn't know any spells.
Your spell library contained the following spells:

 Spells                   Type           Power        Failure   Level  Hunger
 Confusing Touch          Hex            #.....       98%         1    N/A
 Poisonous Vapours        Pois/Air       #.....       99%         2    N/A
 Confuse                  Hex            #.......     100%        3    N/A
 Conjure Flame            Conj/Fire      #.......     100%        3    N/A
 Gell's Gravitas          Tloc           #.........   100%        3    N/A
 Mephitic Cloud           Conj/Pois/Air  #.......     100%        3    N/A
 Petrify                  Tmut/Erth      #.......     100%        4    N/A
 Metabolic Englaciation   Hex/Ice        #.........   100%        5    N/A
 Yara's Violent Unravell  Hex/Tmut       #.........   100%        5    N/A
 Freezing Cloud           Conj/Ice/Air   #.........   100%        6    N/A
 Ring of Flames           Chrm/Fire      #.........   100%        7    N/A

Dungeon Overview and Level Annotations

Branches:
Dungeon (12/15)            Temple (1/1) D:6             Orc (0/2) D:12
   Lair: D:8-11

Altars:
Ashenzari
Cheibriados
Dithmenos
Elyvilon
Fedhas
Gozag
Hepliaklqana
Kikubaaqudgha
Makhleb
Nemelex Xobeh
Okawaru
Qazlal
Ru
Sif Muna
Trog
Uskayaw
Vehumet
Wu Jian
Xom
Yredelemnul
Zin
The Shining One

Shops:
D:7 *   D:8 ???[

Annotations:
D:11 Snorg


Innate Abilities, Weirdness & Mutations

You do not eat or drink.
Your flesh is vulnerable to fire.
You are immune to poison.
Your flesh is cold resistant. (rC+)
You are immune to negative energy. (rN+++)
You are immune to unholy pain and torment.
You can survive without breathing.


Message History

As you read the scroll of blinking, it crumbles to dust.
As you read the scroll of teleportation, it crumbles to dust.
You feel strangely unstable. Snorg bites you but does no damage.
Snorg claws you!
* * * LOW HITPOINT WARNING * * *
Snorg barely misses you. Snorg bites you but does no damage.
Snorg barely misses you. Snorg claws you.
* * * LOW HITPOINT WARNING * * *
Snorg rages.
Your surroundings suddenly seem different.
A cyclops comes into view.
The cyclops shouts!
Found 12 sling bullets.
A sky beast comes into view.
The cyclops throws a large rock.
The large rock hits you.
* * * LOW HITPOINT WARNING * * *
You see here a large rock.
The cyclops hits you!!
You die...
Your body crumbles into a pile of gold.

... . ####..#
.. .#....
##.##.#..# $
#........
.###..#...## #.
...Y..C....#...
#.(.@.......
#.#.(...#...
##...## ##.##
.# .# # # .#
#.#### ..
##..... ##
.......


You could see a cyclops and a sky beast.

Vanquished Creatures
  Urug (D:10)
  A troll (D:10)
  Prince Ribbit (D:4)
  A hippogriff (D:12)
  A wyvern (D:8)
  4 yaks (D:10)
  4 orc warriors
  2 sky beasts
  2 ice beasts
  A hornet zombie (D:9)
  3 phantoms
  A necrophage (D:10)
  5 ogres
  4 centaurs
  3 big kobolds
  6 bullfrogs
  A gnoll sergeant (D:10)
  3 scorpions
  2 crimson imps
  10 hounds
  7 orc priests
  13 orc wizards
  Crazy Yiuf (D:2)
  A centaur skeleton (D:4)
  4 bullfrog skeletons
  A jelly (D:8)
  4 worker ants
  A killer bee zombie (D:9)
  A hound zombie (D:5)
  2 hound skeletons
  A worker ant zombie (D:6)
  Robin (D:2)
  3 gnolls (D:10)
  A howler monkey skeleton (D:6)
  4 adders
  A shadow imp (D:10)
  An ooze (D:4)
  An adder skeleton (D:8)
  3 worms
  2 dart slugs
  4 leopard geckos
  43 orcs
  9 bats
  6 giant cockroaches
  14 goblins
  13 hobgoblins
  7 jackals (D:1)
  2 quokkas
  3 ball pythons
  A frilled lizard (D:2)
  17 kobolds
  A quokka zombie (D:6)
  9 rats
238 creatures vanquished.

Notes
Turn   | Place    | Note
-------+----------+-------------------------------------------
     0 | D:1      | Inarius the Mummy Wanderer began the quest for the Orb.
     0 | D:1      | Inarius set off with the following items: a +2 dagger, a
                  | scroll of blinking, a scroll of teleportation, a +0 robe
     0 | D:1      | Reached XP level 1. HP: 15/15 MP: 2/2
   144 | D:1      | Reached XP level 2. HP: 18/21 MP: 3/3
  1127 | D:1      | Reached XP level 3. HP: 26/26 MP: 4/4
  1541 | D:2      | Noticed Robin
  1633 | D:2      | Killed Robin
  1633 | D:2      | Reached skill level 1 in Maces & Flails
  1633 | D:2      | Reached XP level 4. HP: 21/33 MP: 5/5
  1882 | D:2      | Found a runed translucent door.
  1883 | D:2      | Noticed Crazy Yiuf
  2611 | D:3      | You fall through a shaft for 3 floors!
  2612 | D:6      | Noticed an ice beast
  2612 | D:6      | Noticed a centaur
  2617 | D:5      | Entered Level 5 of the Dungeon
  2617 | D:5      | Noticed Prince Ribbit
  2881 | D:4      | Reached skill level 1 in Armour
  2881 | D:4      | Reached XP level 5. HP: 31/41 MP: 6/6
  4013 | D:5      | Reached XP level 6. HP: 38/48 MP: 7/7
  4376 | D:5      | Reached XP level 7. HP: 39/55 MP: 8/8
  4592 | D:2      | Killed Crazy Yiuf
  5509 | D:5      | Reached skill level 5 in Fighting
  5838 | D:6      | Reached skill level 1 in Staves
  5945 | D:6      | Reached skill level 2 in Staves
  6237 | D:6      | Reached skill level 3 in Staves
  6317 | D:6      | Reached XP level 8. HP: 60/62 MP: 9/9
  6360 | D:6      | Found a staircase to the Ecumenical Temple.
  6367 | Temple   | Entered the Ecumenical Temple
  6471 | Temple   | Became a worshipper of Gozag Ym Sagoz the Greedy
  6624 | D:4      | HP: 1/62 [Prince Ribbit (20)]
  6627 | D:4      | Killed Prince Ribbit
  6627 | D:4      | Reached skill level 4 in Staves
  7072 | D:6      | Reached skill level 5 in Staves
  7156 | D:6      | Found a snail-covered altar of Cheibriados.
  7275 | D:7      | Found Defios's Assorted Antiques.
  7281 | D:7      | Bought a transparent quarterstaff for 207 gold pieces
  7281 | D:7      | Identified the +12 quarterstaff of Hausu {venom, *Rage
                  | Dex+6 SInv} (You bought it in a shop on level 7 of the
                  | Dungeon)
  7685 | D:7      | Reached skill level 6 in Staves
  8057 | D:8      | Reached XP level 9. HP: 61/68 MP: 10/10
  8322 | D:8      | Reached skill level 7 in Staves
  8378 | D:8      | Found Bommorog's Magic Scroll Shop.
  8383 | D:8      | Found Coybruv's Magic Scroll Shop.
  8383 | D:8      | Found Tepuoh's Magic Scroll Shop.
  8386 | D:8      | Bought a scroll of blinking for 90 gold pieces
  8387 | D:8      | Found Logeic's Antique Armour Shop.
  8587 | D:8      | Reached skill level 5 in Armour
  8640 | D:8      | Bought a polished chain mail for 256 gold pieces
  8650 | D:8      | Identified the +6 chain mail "Umamuu" {Str+2 Dex+4} (You
                  | bought it in a shop on level 8 of the Dungeon)
  8654 | D:8      | Bought a scroll of remove curse for 39 gold pieces
  8832 | D:9      | Reached skill level 8 in Staves
  9162 | D:10     | Entered Level 10 of the Dungeon
  9209 | D:10     | Noticed Urug
  9229 | D:10     | Killed Urug
  9229 | D:10     | Reached skill level 9 in Staves
  9229 | D:10     | Reached XP level 10. HP: 67/76 MP: 11/11
  9529 | D:10     | Reached skill level 10 in Staves
  9776 | D:10     | You fall through a shaft for 2 floors!
  9987 | D:11     | Noticed Snorg
 10001 | D:11     | Noticed a cyclops
 10003 | D:11     | Slain by a cyclops

Skill      XL: |  1  2  3  4  5  6  7  8  9 10 |
---------------+-------------------------------+-----
Unarmed Combat | 2 |  2.1
Dodging        | 2 |  2.3
Fighting       | 2 3 4 5 6 |  6.1
Maces & Flails | 1 |  1.1
Armour         | 1 2 3 4 5 |  5.6
Staves         | 3 6 9 10 | 10.5
Evocations     | 2 |  2.0
Stealth        | |  1.0
Summonings     | |  2.4

Action                   |  1- 3 |  4- 6 |  7- 9 | 10-12 || total
-------------------------+-------+-------+-------+-------++-------
Melee: Dagger            |    65 |       |       |       ||    65
       Mace              |   110 |   191 |    17 |       ||   318
       Quarterstaff      |       |       |   300 |   113 ||   413
Evoke: Wand              |       |       |     9 |       ||     9
  Use: Scroll            |       |     6 |    11 |     5 ||    22
 Stab: Sleeping          |     1 |     3 |       |       ||     4
       Distracted        |       |       |     2 |       ||     2
Armor: Robe              |    77 |       |       |       ||    77
       Scale mail        |       |   106 |   111 |       ||   217
       Animal skin       |       |    12 |       |       ||    12
       Chain mail        |       |       |    44 |    75 ||   119
Dodge: Dodged            |   191 |   144 |   143 |    40 ||   518
